 Dungeon Crawl Stone Soup version 0.27-a0-1365-ge71e8f7681 (webtiles) character file.

Game seed: 3765273990564431982

421176 Froggeryz the Imperceptible (level 23, -3/170 HPs)
             Began as an Octopode Berserker on June 28, 2021.
             Was the Champion of Trog.
             Shot with a bolt by a yaktaur (36 damage)
             ... led by a yaktaur captain
             ... on level 5 of the Vaults.
             The game lasted 01:25:59 (53346 turns).

Froggeryz the Imperceptible (Octopode Berserker)   Turns: 53346, Time: 01:26:00

Health: -3/170     AC:  5    Str: 20    XL:     23   Next: 71%
Magic:  23/23      EV: 33    Int: 20    God:    Trog [******]
Gold:   1850       SH: 20    Dex: 26    Spells: 22/22 levels left

rFire    + + .     SeeInvis +   U - +9 quick blade (flame)
rCold    + + +     Faith    .   R - +5 kite shield {rC+ rF+}
rNeg     . . .     Spirit   .   K - +0 mask of the Dragon {Will+ Slay+3 SInv}
rPois    +         Reflect  .   Y - amulet "Duorem" {Acrobat Rampage Dex+3}
rElec    +         Harm     .   e - ring of see invisible
rCorr    +         Rampage  +   d - ring "Sipiczoi" {rPois Str+2}
Will     +++++                  Q - ring of willpower
Stlth    ++++++++++             M - ring of Iqot Tulaha {Will+ rCorr AC+4 Str+3}
HPRegen  1.38/turn              V - ring of Equivalence {Fly rElec Str-2 Dex+2 SInv}
MPRegen  0.18/turn              N - ring of Hoekh {rC+ Will+ Int+5}
                                T - ring of protection from cold
                                k - +4 ring of slaying

@: strong-willed, flying, regenerating, studying 3 skills
A: almost no armour, amphibious, 8 rings, camouflage 1, gelatinous body 1,
(nimble swimmer 1), tentacles, tentacle spike 1, agile 1, clever 2, fire
resistance 1
}: 2/15 runes: decaying, gossamer
a: Renounce Religion, Berserk, Trog's Hand, Brothers in Arms


You were on level 5 of the Vaults.
You worshipped Trog.
Trog was exalted by your worship.
You visited 7 branches of the dungeon, and saw 39 of its levels.
You also visited: Bailey, Gauntlet, Ice Cave and Volcano.

You collected 6334 gold pieces.
You spent 4484 gold pieces at shops.

Inventory:

Hand Weapons
 U - a +9 quick blade of flaming (weapon)
 Z - a +9 quick blade of flaming
Missiles
 f - 26 boomerangs of dispersal
 t - 67 boomerangs
 z - 6 silver boomerangs
 D - 5 atropa-tipped darts
 G - 14 throwing nets
 I - 6 curare-tipped darts
 P - 16 silver javelins (quivered)
Armour
 K - the +0 mask of the Dragon (worn) {Will+ Slay+3 SInv}
   (You found it on level 4 of the Lair of Beasts)

   Slay:      It affects your accuracy & damage with ranged weapons and melee
   (+3).
   SInv:      It lets you see invisible.
   Will:      It increases your willpower.
 R - a +5 kite shield of resistance (worn)
Jewellery
 d - the ring "Sipiczoi" (right tentacle) {rPois Str+2}
   (You acquired it on level 7 of the Dungeon)

   [ring of poison resistance]

   Str:       It affects your strength (+2).
   rPois:     It protects you from poison.
 e - a ring of see invisible (left tentacle)
 k - a +4 ring of slaying (on tentacle)
 M - the ring of Iqot Tulaha (on tentacle) {Will+ rCorr AC+4 Str+3}
   (You bought it in a shop on level 8 of the Dungeon)

   [ring of protection]

   AC:        It affects your AC (+4).
   Str:       It affects your strength (+3).
   rCorr:     It protects you from acid and corrosion.
   Will:      It increases your willpower.
 N - the ring of Hoekh (on tentacle) {rC+ Will+ Int+5}
   (You found it on level 1 of the Spider Nest)

   [ring of protection from cold]

   Int:       It affects your intelligence (+5).
   rC:        It protects you from cold.
   Will:      It increases your willpower.
 Q - a ring of willpower (on tentacle)
 T - a ring of protection from cold (on tentacle)
 V - the ring of Equivalence (on tentacle) {Fly rElec Str-2 Dex+2 SInv}
   (You bought it in a shop on level 8 of the Dungeon)

   [ring of flight]

   Str:       It affects your strength (-2).
   Dex:       It affects your dexterity (+2).
   rElec:     It insulates you from electricity.
   SInv:      It lets you see invisible.
   Fly:       It grants you flight.
 Y - the amulet "Duorem" (around mantle) {Acrobat Rampage Dex+3}
   (You found it on level 3 of the Spider Nest)

   [amulet of the acrobat]

   It increases your evasion while moving and waiting.Dex: It affects your
   dexterity (+3).
   Rampage:   It bestows one free step when moving towards enemies.
Wands
 b - a wand of polymorph (26)
 m - a wand of flame (137)
 x - a wand of iceblast (36)
 A - a wand of digging (31)
 B - a wand of acid (13)
 F - a wand of charming (4)
 L - a wand of paralysis (31)
 W - a wand of mindburst (24)
Scrolls
 g - 5 scrolls of magic mapping
 n - 6 scrolls of silence
 o - 2 scrolls of summoning
 q - 6 scrolls of fog
 u - 12 scrolls of teleportation
 y - 6 scrolls of enchant weapon
 H - 9 scrolls of immolation
 J - 6 scrolls of fear
 S - 3 scrolls of blinking
Potions
 a - 7 potions of cancellation
 c - 29 potions of curing
 h - 3 potions of magic
 i - 5 potions of lignification
 j - 18 potions of might
 p - 3 potions of resistance
 s - 11 potions of haste
 w - 5 potions of attraction
 C - 8 potions of heal wounds
 E - 6 potions of mutation
 X - 8 potions of ambrosia
Miscellaneous
 v - a phial of floods
 O - a condenser vane


   Skills:
 + Level 17.7 Fighting
 - Level 10.0 Short Blades
 + Level 16.4 Throwing
 - Level 20.0 Dodging
 + Level 23.3 Stealth
 - Level 15.6 Shields
 - Level 10.1 Evocations


You had 22 spell levels left.
You didn't know any spells.
Your spell library was empty.

Dungeon Overview and Level Annotations

Branches:
Dungeon (15/15)            Temple (0/1) D:6            Lair (6/6) D:10
  Swamp (4/4) Lair:3       Spider (4/4) Lair:4        Slime (0/5) Lair:5
    Orc (2/2) D:12            Elf (3/3) Orc:2        Vaults (5/5) D:13
  Crypt (0/3) Vaults:2     Depths (0/5) D:15         Bailey (visited)
  IceCv (visited)         Volcano (visited)         Gauntlet (visited)

Altars:
Ashenzari
Hepliaklqana
Makhleb
Nemelex Xobeh
Okawaru
Vehumet
Wu Jian
Xom
Yredelemnul
Beogh
Lugonu

Shops:
D:5 [   D:7 [   D:8 =[?=   Orc:2 (*[[   Elf:1 !   Vaults:3 ![:?

Annotations:
D:4 3 runed translucent doors, Mateji's ghost, amateur MiFi
D:8 3 runed translucent doors, HAL9000's ghost, novice VSBr
Swamp:3 2 transporters, Vuyggu's ghost, adept DECj
Spider:2 Roxanne
Elf:2 3 runed translucent doors, exclusion: 3 doors, Naivonosm's ghost, journeyman DEIE


Innate Abilities, Weirdness & Mutations

You cannot wear most types of armour.
You are amphibious.
You can wear up to eight rings at the same time.
Your skin changes colour to match your surroundings (Stealth+).
Your rubbery body absorbs attacks. (AC +1, EV +1)
((You are camouflaged near water. (Stealth+)))
You have tentacles for arms and can constrict up to eight enemies at once.
One of your tentacles bears a spike.
You are agile. (Dex +2)
Your mind is very acute. (Int +4)
Your flesh is heat resistant. (rF+)


Message History

The fire giant hits you with a +4 great sword of flaming!
The vault guard hits you from afar with a +0 halberd.
The yaktaur captain shoots a bolt.
You block the bolt.
You barely miss the fire giant.
You pierce the fire giant.
The fire giant is severely wounded.
You barely miss the fire giant.
You pierce the fire giant, but do no damage.
The fire giant is severely wounded.
The yaktaur shoots a bolt.
You block the bolt.
You hit the fire giant.
The fire giant is severely wounded.
The yaktaur wields a +0 arbalest.
The yaktaur shoots a bolt.
The bolt misses you. The fire giant casts a spell at you.
The bolt of fire misses you.
You puncture the fire giant!
You pierce the fire giant.
You squeeze the fire giant.
The fire giant is almost dead.
The vault guard hits you from afar with a +0 halberd!!
The yaktaur captain shoots a bolt.
The bolt completely misses you.
You puncture the fire giant!
You kill the fire giant!
Trog accepts your kill.
Trog appreciates your killing of a magic user.
The yaktaur shoots a bolt.
You block the bolt.
You hit the yaktaur. You burn the yaktaur. You squeeze the yaktaur!!
The yaktaur is heavily wounded.
The yaktaur captain shoots a bolt.
The bolt hits you!!!
* * * LOW HITPOINT WARNING * * *
The yaktaur shoots a bolt.
You block the bolt.
The yaktaur shoots a bolt.
The bolt completely misses you.
The bolt barely misses the yaktaur captain.
You block the vault guard's attack.
The yaktaur unwields a +0 arbalest.
The yaktaur closely misses you.
The yaktaur shoots a bolt.
The bolt misses you.
The bolt hits the yaktaur.
The yaktaur captain shoots a bolt.
You block the bolt.
The yaktaur captain completely misses you.
The yaktaur unwields a +0 arbalest.
The yaktaur misses you.
The yaktaur shoots a bolt.
The bolt hits you!!!
You die...

.... #....# .#
....# #....#.#.#(
..c.##....#..#..
#...#....#.#.#.
#.....([.....#
#####........####
.......[<<.......
p......c..<......
......pc<@)......
.......pcccc.....
#####....c...####
............#
.....#....#..#
##...#....###..
##..#....# ..#
#..#....# #.
#....#


You could see 3 yaktaur captains, 2 vault guards and 5 yaktaurs.

Vanquished Creatures
  A dread lich (Vaults:4)
  Mara (Swamp:3)
  The ghost of generaletaddeo the Eclecticist, an adept DEAE of Vehumet (Vaults:1)
  A bone dragon (Swamp:4)
  A hellephant (Vaults:4)
  5 tentacled monstrosities
  2 deep elf master archers (Elf:3)
  4 deep elf blademasters
  5 sphinxes
  Agnes (D:15)
  A tengu reaver (Vaults:4)
  A shadow dragon (Vaults:4)
  A thorn hunter (Swamp:3)
  Donald (Swamp:1)
  The ghost of MordorOrchid the Eclecticist, an adept DjCj of Gozag (Spider:1)
  A fenstrider witch (Swamp:4)
  A frost giant (IceCv)
  6 deep elf elementalists
  Aizul (Swamp:2)
  A fire giant (Vaults:5)
  A balrug (Vaults:4)
  3 ghost moths
  A ghoul (Swamp:2)
  9 deep elf sorcerers (Elf:3)
  7 vault wardens
  Louise (Elf:2)
  17 ironbound preservers
  9 emperor scorpions
  2 war gargoyles
  7 very ugly things
  The ghost of Dwad the Severer, a journeyman HOFi of Qazlal (Lair:6)
  7 deep elf demonologists (Elf:3)
  Azrael (D:13)
  7 bunyips
  A minotaur (Gauntlet)
  The ghost of cirn0 the Eclecticist, a journeyman DECj of Vehumet (D:13)
  The ghost of Cexaemot the Martial Artist, a journeyman DgTm (Lair:4)
  4 entropy weavers
  4 dire elephants
  11 deep elf annihilators
  A spark wasp (Spider:4)
  3 deep elf death magi
  2 ettins
  Josephine (D:11)
  A crystal guardian (Vaults:3)
  A shambling mangrove (Swamp:4)
  11 eleionomae
  Snorg (D:11)
  A fire dragon (D:15)
  A great orb of eyes (Vaults:2)
  Fannar (Orc:1)
  3 ironbound thunderhulks
  24 vault guards
  Harold (D:8)
  7 deep elf high priests
  23 hydras
  12 yaktaur captains
  A spriggan air mage (Swamp:3)
  2 peacekeepers (Vaults:3)
  4 ghost crabs
  2 catoblepae
  5 boulder beetles
  7 ironbound frosthearts
  2 death knights (Vaults:2)
  11 centaur warriors
  14 alligators
  25 dancing weapons
  A deep troll shaman (Lair:6)
  4 two-headed ogres
  10 death yaks
  Urug (D:12)
  3 tengu warriors
  15 deep elf knights
  6 orc high priests
  2 spriggan berserkers
  14 hell knights
  4 ironbound beastmasters
  7 spriggans
  A spectral ghost moth (Spider:1)
  A fire crab (Lair:4)
  12 goliath frogs
  6 spriggan druids
  7 bog bodies
  2 glowing orange brains
  16 wizards
  9 deep elf archers
  A death drake (Swamp:2)
  18 ironbound convokers
  51 deep trolls
  5 lindwurms
  3 spectral hydras (Swamp:4)
  12 harpies
  11 orc knights
  3 phantasmal warriors
  31 deep elf pyromancers
  4 necromancers
  22 wolf spiders
  25 deep elf zephyrmancers
  15 orb spiders
  26 ugly things
  3 will-o-the-wisps
  4 cyclopes
  2 oklob plants (D:10)
  3 moths of wrath
  A moth of wrath (shapeshifter) (D:15)
  2 orc sorcerers
  19 elephants
  5 toenail golems (Volcano)
  2 ice statues (IceCv)
  17 vault sentinels
  3 torpor snails
  3 black mambas
  A rust devil (D:15)
  A centaur zombie (D:10)
  A torpor snail (shapeshifter) (Vaults:1)
  A gargoyle (D:7)
  Psyche (D:8)
  12 cane toads
  25 yaktaurs
  11 rime drakes
  A spectral redback (Spider:1)
  An unseen horror (shapeshifter) (Elf:2)
  2 unseen horrors
  4 kobold demonologists (D:14)
  12 demonic crawlers
  4 tengu conjurers
  11 komodo dragons
  5 swamp worm zombies (Swamp:4)
  A freezing wraith (Vaults:1)
  5 hydra zombies (Swamp:4)
  3 trolls (shapeshifter)
  7 trolls
  5 bloated husks
  A meliai (shapeshifter) (Vaults:5)
  A jumping spider (shapeshifter) (D:14)
  A spectral moth of wrath (Spider:1)
  9 tyrant leeches
  Grinder (D:5)
  25 jumping spiders
  13 polar bears
  A spectral swamp dragon (Swamp:4)
  14 hornets
  5 dream sheep (Lair:6)
  A spectral jumping spider (Spider:1)
  4 blink frogs (Lair:6)
  22 slime creatures
  2 alligator zombies (Swamp:4)
  52 redbacks
  A redback (shapeshifter) (D:13)
  An air elemental (Elf:2)
  38 yaks
  Sigmund (D:4)
  2 shadows
  29 tarantellas
  7 wraiths
  6 water elementals
  Eustachio (D:5)
  2 vampires (D:11)
  7 wyverns
  6 fire elementals
  6 basilisks
  A steam dragon (D:6)
  A redback simulacrum (Spider:1)
  3 fire bats (Gauntlet)
  3 emperor scorpion simulacra (Spider:1)
  9 large abominations (Elf:2)
  14 vampire mosquitoes
  Menkaure (D:5)
  13 swamp worms
  3 acid dragons
  11 water moccasins
  9 hell hounds
  2 jumping spider simulacra (Spider:1)
  2 swamp drakes (Swamp:3)
  37 orc warriors
  A sky beast (D:5)
  An ice beast (D:4)
  2 swamp dragon zombies (Swamp:4)
  4 necrophages
  5 black bears
  29 wolves
  4 boggarts (Vaults:2)
  3 ogres
  5 centaurs
  4 phantoms (Swamp:4)
  2 kobold brigands (D:7)
  13 bullfrogs
  An earth elemental (Elf:1)
  8 gnoll sergeants (Bailey)
  A scorpion (D:6)
  A water moccasin zombie (D:6)
  9 killer bees
  A wight (Vaults:2)
  2 electric eels (D:14)
  34 orc priests
  3 hounds
  5 jellies
  Crazy Yiuf (D:5)
  7 gnoll shamans
  3 centaur skeletons
  Jessica (D:3)
  5 iguanas
  2 scorpion zombies (D:5)
  27 orc wizards
  2 spectral swamp drakes (Swamp:4)
  6 hell rats (Lair:4)
  A killer bee zombie (D:9)
  19 gnolls
  2 swamp drake zombies (Swamp:4)
  7 adders
  A shadow imp (D:6)
  An ufetubus (D:5)
  2 worms
  4 dart slugs
  83 orcs
  6 bats
  14 endoplasms
  9 giant cockroaches
  12 goblins
  8 hobgoblins
  9 jackals
  3 quokkas
  5 ball pythons
  5 frilled lizards
  18 kobolds
  8 rats
  A spectral kobold (D:13)
  A briar patch (Swamp:3)
1604 creatures vanquished.

Vanquished Creatures (collateral kills)
  A deep elf sorcerer (Elf:3)
  A fire crab (Gauntlet)
  A fire bat (Gauntlet)
  2 wargs (Orc:1)
  An orc warrior (Orc:1)
  2 ogres (Orc:1)
  An orc priest (Orc:1)
  3 orc wizards (Orc:1)
  7 orcs (Orc:1)
19 creatures vanquished.

Vanquished Creatures (others)
  A bog body (Swamp:4)
  3 bloated husks
  2 phantoms (Swamp:4)
  An orc (Orc:1)
  A briar patch (Swamp:3)
  A bush (Lair:3)
  A demonic plant (D:14)
  6 foxfires (Swamp:2)
  13 fungi
  60 plants
89 creatures vanquished.

Grand Total: 1712 creatures vanquished

Notes
Turn   | Place    | Note
-------+----------+-------------------------------------------
     0 | D:1      | Froggeryz the Octopode Berserker began the quest for the
                  | Orb.
     0 | D:1      | Reached XP level 1. HP: 16/16 MP: 1/1
    63 | D:1      | Reached skill level 1 in Stealth
    63 | D:1      | Reached XP level 2. HP: 11/21 MP: 2/2
   623 | D:1      | Reached ** piety under Trog
   656 | D:1      | Reached XP level 3. HP: 26/26 MP: 3/3
   682 | D:1      | Reached skill level 2 in Stealth
   851 | D:1      | Found a faded altar of an unknown god.
  1347 | D:2      | Reached XP level 4. HP: 17/31 MP: 4/4
  1540 | D:2      | Found an iron altar of Okawaru.
  2102 | D:3      | Reached skill level 3 in Stealth
  2621 | D:3      | You fall into a shaft and drop 2 floors!
  2621 | D:5      | Entered Level 5 of the Dungeon
  2621 | D:5      | Noticed Grinder
  2629 | D:5      | Noticed a sky beast
  2635 | D:5      | Killed a sky beast
  2636 | D:5      | Reached skill level 5 in Short Blades
  2636 | D:5      | Reached skill level 4 in Stealth
  2636 | D:5      | Reached XP level 5. HP: 36/36 MP: 5/5
  2646 | D:5      | Noticed a centaur
  2676 | D:5      | Noticed Eustachio
  2711 | D:5      | Killed Eustachio
  2711 | D:5      | Reached *** piety under Trog
  2712 | D:5      | Reached skill level 5 in Stealth
  2712 | D:5      | Reached XP level 6. HP: 21/42 MP: 6/6
  2970 | D:4      | Noticed Sigmund
  2982 | D:4      | Killed Sigmund
  2983 | D:4      | Reached XP level 7. HP: 28/46 MP: 7/7
  3209 | D:4      | Reached skill level 6 in Stealth
  3675 | D:3      | Found a basalt altar of Yredelemnul.
  3675 | D:3      | Found a sparkling altar of Nemelex Xobeh.
  3682 | D:3      | Found a faded altar of an unknown god.
  3684 | D:3      | Found a radiant altar of Vehumet.
  3686 | D:3      | Found a hazy altar of Hepliaklqana.
  3746 | D:3      | Noticed Jessica
  3752 | D:3      | Killed Jessica
  4413 | D:4      | Found a runed translucent gate.
  4413 | D:4      | Found a runed translucent gate.
  4413 | D:4      | Found a runed translucent gate.
  4476 | D:4      | Noticed Mateji's ghost (amateur MiFi)
  4802 | D:4      | Reached **** piety under Trog
  5036 | D:5      | Reached skill level 7 in Stealth
  5036 | D:5      | Reached XP level 8. HP: 30/52 MP: 8/8
  5308 | D:5      | Killed Grinder
  5338 | D:5      | Reached skill level 8 in Stealth
  5594 | D:5      | Noticed Menkaure
  5611 | D:5      | Killed Menkaure
  5901 | D:5      | Reached skill level 9 in Stealth
  6172 | D:5      | Reached XP level 9. HP: 56/56 MP: 9/9
  6402 | D:5      | Found a runed translucent door.
  6403 | D:5      | Noticed Crazy Yiuf
  6446 | D:5      | Found Fagru's Armour Emporium.
  6450 | D:5      | Bought a +1 buckler of protection for 165 gold pieces
  6607 | D:5      | Killed Crazy Yiuf
  6738 | D:6      | Reached skill level 1 in Shields
  7066 | D:6      | Found a staircase to the Ecumenical Temple.
  7310 | D:6      | Reached skill level 10 in Short Blades
  7801 | D:6      | Reached skill level 1 in Throwing
  7998 | D:7      | Found an ornate altar of the Wu Jian Council.
  7999 | D:7      | Found a broken altar of Ashenzari.
  8043 | D:7      | Noticed a gargoyle
  8051 | D:7      | Killed a gargoyle
  8144 | D:7      | Identified a scroll of acquirement
  8148 | D:7      | Acquired the ring "Sipiczoi" {rPois Str+2}
  8378 | D:7      | Reached skill level 5 in Dodging
  8509 | D:7      | Reached XP level 10. HP: 39/64 MP: 10/10
  8854 | D:7      | Found Roumest's Antique Armour Boutique.
  9165 | D:8      | Found Tast's Magic Scroll Shoppe.
  9174 | D:8      | Bought a scroll of teleportation for 39 gold pieces
  9174 | D:8      | Bought a scroll of fear for 45 gold pieces
  9272 | D:8      | Noticed Psyche
  9288 | D:8      | Killed Psyche
  9459 | D:8      | Found Kagoekhliu's Antique Armour Shop.
  9485 | D:8      | Found a runed translucent gate.
  9485 | D:8      | Found a runed translucent gate.
  9485 | D:8      | Found a runed translucent gate.
  9488 | D:8      | Noticed HAL9000's ghost (novice VSBr)
  9656 | D:8      | Found Rais Gem's Jewellery Boutique.
  9774 | D:8      | HP: 3/97 [acid (4)]
 10132 | D:8      | Noticed Harold
 10139 | D:8      | Killed Harold
 10140 | D:8      | Reached skill level 5 in Fighting
 10161 | D:8      | Found Campuy's Jewellery Shop.
 10772 | D:9      | Noticed a two-headed ogre
 10812 | D:9      | Noticed a two-headed ogre
 10824 | D:9      | Killed a two-headed ogre
 10825 | D:9      | Reached skill level 5 in Throwing
 10825 | D:9      | Reached XP level 11. HP: 72/72 MP: 11/11
 10830 | D:9      | Killed a two-headed ogre
 11582 | D:10     | Entered Level 10 of the Dungeon
 11582 | D:10     | Noticed a two-headed ogre
 11592 | D:10     | Killed a two-headed ogre
 12156 | D:10     | Reached ***** piety under Trog
 12278 | D:10     | Reached skill level 10 in Dodging
 12301 | D:10     | Found a staircase to the Lair.
 12302 | D:10     | Noticed an oklob plant
 12305 | D:10     | Noticed an oklob plant
 12309 | D:10     | Killed an oklob plant
 12625 | D:11     | Noticed Snorg
 12779 | D:11     | Noticed a five-headed hydra
 12781 | D:11     | Killed a five-headed hydra
 12870 | D:11     | Found a flagged portal.
 12883 | Bailey   | Entered a bailey
 13671 | Bailey   | Identified the +1 plate armour of the Manifold Beds {rElec
                  | rPois Will-}
 14115 | D:11     | Killed Snorg
 14116 | D:11     | Reached XP level 12. HP: 84/84 MP: 12/12
 14569 | D:11     | Noticed Josephine
 14591 | D:11     | Killed Josephine
 15332 | D:12     | Noticed a tengu warrior
 15361 | D:12     | Killed a tengu warrior
 15362 | D:12     | Reached skill level 1 in Evocations
 15534 | D:12     | Noticed Urug
 15553 | D:12     | Killed Urug
 15915 | D:12     | Found a staircase to the Orcish Mines.
 15952 | D:12     | Received a gift from Trog
 16052 | D:12     | Noticed a two-headed ogre
 16056 | D:12     | Killed a two-headed ogre
 16178 | Orc:1    | Entered Level 1 of the Orcish Mines
 16531 | Orc:1    | Noticed Fannar
 16623 | Orc:1    | Killed Fannar
 16624 | Orc:1    | Reached skill level 10 in Stealth
 16639 | Orc:1    | Found a burning altar of Makhleb.
 16661 | Orc:1    | Noticed an orc high priest
 16678 | Orc:1    | Killed an orc high priest
 17263 | Orc:2    | Entered Level 2 of the Orcish Mines
 17274 | Orc:2    | Found a staircase to the Elven Halls.
 17331 | Orc:2    | Acquired a +1 kite shield of resistance
 17347 | Orc:2    | Reached skill level 5 in Evocations
 17347 | Orc:2    | Reached XP level 13. HP: 90/90 MP: 13/13
 17435 | Orc:2    | Received a gift from Trog
 17661 | Orc:2    | Reached skill level 11 in Stealth
 18989 | Orc:1    | Reached skill level 12 in Stealth
 19603 | D:8      | Bought the ring of Iqot Tulaha {Will+ rCorr AC+4 Str+3} for
                  | 907 gold pieces
 19604 | D:8      | Bought the ring of Equivalence {Fly rElec Str-2 Dex+2 SInv}
                  | for 535 gold pieces
 19731 | Lair:1   | Entered Level 1 of the Lair of Beasts
 19758 | Lair:1   | Reached skill level 13 in Stealth
 19830 | Lair:1   | Received a gift from Trog
 20980 | Lair:2   | Reached skill level 14 in Stealth
 21711 | Lair:3   | Reached skill level 15 in Stealth
 21719 | Lair:3   | Found a dark tunnel.
 21736 | Volcano  | Entered a volcano
 21793 | Volcano  | Reached XP level 14. HP: 91/97 MP: 14/14
 22074 | Volcano  | Reached skill level 16 in Stealth
 22798 | Lair:3   | Found a staircase to the Swamp.
 22985 | Lair:3   | Reached skill level 17 in Stealth
 23375 | Lair:4   | Reached skill level 5 in Shields
 23734 | Lair:4   | Reached ****** piety under Trog
 23742 | Lair:4   | Found a runed translucent gate.
 23742 | Lair:4   | Found a runed translucent gate.
 23769 | Lair:4   | Found a runed translucent gate.
 23772 | Lair:4   | Noticed Cexaemot's ghost (journeyman DgTm)
 23940 | Lair:4   | Found the +0 mask of the Dragon {Will+ Slay+3 SInv}
 24014 | Lair:4   | Found a hole to the Spider Nest.
 24330 | Lair:4   | Killed Cexaemot's ghost
 24445 | Lair:5   | Found a gate leading to a gauntlet.
 24454 | Gauntlet | Entered a Gauntlet
 24454 | Gauntlet | Found a transporter.
 24454 | Gauntlet | Found a transporter.
 24484 | Gauntlet | Found a transporter.
 24487 | Gauntlet | Found a transporter.
 24503 | Gauntlet | Found a transporter.
 24504 | Gauntlet | Found a transporter.
 24518 | Gauntlet | Found a transporter.
 24538 | Gauntlet | Found a runed translucent door.
 24542 | Gauntlet | Found a transporter.
 24559 | Gauntlet | Found a transporter.
 24562 | Gauntlet | Found a transporter.
 24573 | Gauntlet | Found a transporter.
 24576 | Gauntlet | Found a transporter.
 24659 | Gauntlet | Received a gift from Trog
 24745 | Gauntlet | Gained mutation: Your body sometimes deteriorates upon
                  | taking damage. [potion of mutation]
 24745 | Gauntlet | Gained mutation: You are agile. (Dex +2) [potion of
                  | mutation]
 24745 | Gauntlet | Gained mutation: Your mind is acute. (Int +2) [potion of
                  | mutation]
 24809 | Gauntlet | Identified the +4 fire dragon scales of the Pits of Slime
                  | {rF++ rC- rCorr Str-4 SInv}
 24870 | Gauntlet | Identified the +2 kite shield of Compassion {Harm}
 25045 | Lair:5   | Reached skill level 15 in Dodging
 25093 | Lair:5   | Found a staircase to the Slime Pits.
 25150 | Lair:5   | Reached XP level 15. HP: 94/101 MP: 15/15
 25458 | Lair:6   | Entered Level 6 of the Lair of Beasts
 25544 | Lair:6   | Found a runed translucent door.
 25548 | Lair:6   | Noticed Dwad's ghost (journeyman HOFi)
 25836 | Lair:6   | Found the +4 skin of Zhor {*Englaciate rC+++ SInv}
 26176 | Lair:6   | Reached skill level 10 in Shields
 26370 | Lair:6   | Received a gift from Trog
 26602 | Lair:6   | Killed Dwad's ghost
 27002 | Orc:2    | Gained mutation: You are weak. (Str -2) [a neqoxec]
 27004 | Orc:2    | Gained mutation: Your flesh is heat resistant. (rF+) [a
                  | neqoxec]
 27012 | Orc:2    | Lost mutation: Your body sometimes deteriorates upon taking
                  | damage. [potion of mutation]
 27012 | Orc:2    | Gained mutation: Your mind is very acute. (Int +4) [potion
                  | of mutation]
 27012 | Orc:2    | Lost mutation: You are weak. (Str -2) [potion of mutation]
 27012 | Orc:2    | Gained mutation: One of your tentacles bears a spike.
                  | [potion of mutation]
 27300 | Orc:2    | Found Cigisicw's Antique Armour Shoppe.
 27303 | Orc:2    | Found Miceseor's General Store.
 27304 | Orc:2    | Found Dialax's Weapon Shoppe.
 27305 | Orc:2    | Found Wast's Antique Armour Shoppe.
 27316 | Orc:2    | Bought a +4 ring of slaying for 780 gold pieces
 27465 | D:13     | Found a gate to the Vaults.
 27607 | D:13     | Noticed Azrael
 27623 | D:13     | Found a runed translucent door.
 27630 | D:13     | Killed Azrael
 27639 | D:13     | Noticed cirn0's ghost (journeyman DECj)
 27744 | D:13     | Found a shimmering altar of Xom.
 27796 | D:13     | Found a hazy altar of Hepliaklqana.
 27800 | D:13     | Received a gift from Trog
 27823 | D:13     | Reached XP level 16. HP: 108/108 MP: 16/16
 27907 | D:13     | Acquired 1191 gold pieces
 28256 | D:13     | Killed cirn0's ghost
 28409 | D:14     | Found a corrupted altar of Lugonu.
 28605 | D:14     | Found a broken altar of Ashenzari.
 29300 | D:15     | Entered Level 15 of the Dungeon
 29330 | D:15     | Found a frozen archway.
 29339 | IceCv    | Entered an ice cave
 29859 | IceCv    | Received a gift from Trog
 29966 | D:15     | Noticed Agnes
 29973 | D:15     | Killed Agnes
 29989 | D:15     | Reached skill level 15 in Shields
 30290 | D:15     | Found a staircase to the Depths.
 30422 | D:15     | Found a burning altar of Makhleb.
 30642 | Swamp:1  | Entered Level 1 of the Swamp
 30835 | Swamp:1  | Noticed Donald
 30855 | Swamp:1  | Killed Donald
 30856 | Swamp:1  | Reached skill level 10 in Fighting
 31303 | Swamp:2  | Noticed Aizul
 31313 | Swamp:2  | Reached XP level 17. HP: 113/116 MP: 17/17
 31316 | Swamp:2  | Killed Aizul
 31331 | Swamp:2  | Received a gift from Trog
 31691 | Swamp:2  | Noticed a tentacled monstrosity
 31694 | Swamp:2  | Killed a tentacled monstrosity
 32316 | Swamp:3  | Received a gift from Trog
 32396 | Swamp:3  | Found a transporter.
 32580 | Swamp:3  | Noticed Vuyggu's ghost (adept DECj)
 32593 | Swamp:3  | Found a transporter.
 32773 | Swamp:3  | Noticed Mara
 32777 | Swamp:3  | Killed Mara
 32778 | Swamp:3  | Reached skill level 10 in Evocations
 32786 | Swamp:3  | Reached XP level 18. HP: 130/130 MP: 18/18
 32800 | Swamp:3  | HP: 5/130 [six-headed hydra (11)]
 33160 | Swamp:4  | Entered Level 4 of the Swamp
 33634 | Swamp:4  | Received a gift from Trog
 33940 | Swamp:4  | Noticed a bone dragon
 33961 | Swamp:4  | Killed a bone dragon
 34029 | Swamp:4  | Got a decaying rune of Zot
 34218 | Spider:1 | Entered Level 1 of the Spider Nest
 34909 | Spider:1 | Found a runed translucent gate.
 34909 | Spider:1 | Found a runed translucent gate.
 34909 | Spider:1 | Found a runed translucent gate.
 34912 | Spider:1 | Noticed MordorOrchid's ghost (adept DjCj)
 34983 | Spider:2 | Noticed Roxanne
 35024 | Spider:2 | Received a gift from Trog
 35926 | Spider:3 | Identified the amulet "Duorem" {Acrobat Rampage Dex+3}
 36245 | Spider:4 | Entered Level 4 of the Spider Nest
 36249 | Spider:4 | Reached XP level 19. HP: 138/138 MP: 19/19
 36299 | Spider:3 | Reached skill level 15 in Fighting
 36390 | Spider:4 | Received a gift from Trog
 37458 | Spider:4 | Got a gossamer rune of Zot
 37877 | Elf:1    | Entered Level 1 of the Elven Halls
 37900 | Elf:1    | Received a gift from Trog
 37992 | Elf:1    | Identified the +3 ring mail "Jukhlaono" {Drain rPois Str+3
                  | Int+8}
 38172 | Elf:1    | Reached skill level 10 in Throwing
 38706 | Elf:1    | Found Nympinol's Distillery.
 38718 | Elf:1    | Bought a potion of haste for 160 gold pieces
 38718 | Elf:1    | Bought a potion of curing for 48 gold pieces
 38718 | Elf:1    | Bought 2 potions of curing for 96 gold pieces
 38718 | Elf:1    | Bought a potion of heal wounds for 80 gold pieces
 38718 | Elf:1    | Bought a potion of curing for 48 gold pieces
 38718 | Elf:1    | Bought a potion of mutation for 128 gold pieces
 38809 | Elf:2    | Noticed Louise
 38815 | Elf:2    | Killed Louise
 39102 | Elf:2    | Found a runed translucent gate.
 39102 | Elf:2    | Found a runed translucent gate.
 39102 | Elf:2    | Found a runed translucent gate.
 39181 | Elf:2    | Found a runed translucent gate.
 39181 | Elf:2    | Found a runed translucent gate.
 39181 | Elf:2    | Found a runed translucent gate.
 39183 | Elf:2    | Noticed a tentacled monstrosity
 39282 | Elf:2    | Received a gift from Trog
 39304 | Elf:2    | Reached XP level 20. HP: 145/145 MP: 20/20
 39798 | Elf:2    | Found a runed translucent gate.
 39798 | Elf:2    | Found a runed translucent gate.
 39811 | Elf:2    | Noticed Naivonosm's ghost (journeyman DEIE)
 39812 | Elf:2    | Found a runed translucent gate.
 40088 | Elf:2    | Received a gift from Trog
 40415 | Elf:3    | Entered Level 3 of the Elven Halls
 41508 | Elf:3    | Identified the +8 short sword "Weak Ogrebane" {flame, Str+2
                  | Stlth+} (Trog gifted it to you on level 3 of the Elven
                  | Halls)
 41508 | Elf:3    | Received a gift from Trog
 41671 | Elf:3    | Identified the ring of Teliof {Wiz rElec}
 41827 | Elf:3    | Noticed a Brimstone Fiend
 41857 | Elf:3    | Reached XP level 21. HP: 82/151 MP: 21/21
 41865 | Elf:3    | Identified the +0 leather armour "Ungaifoi" {Harm}
 42575 | Elf:3    | Reached skill level 18 in Stealth
 42805 | Elf:3    | Found the amulet of the Air {Inacc Air Fly rElec RMsl}
 42834 | Elf:3    | Identified the +4 crystal plate armour "Esopha Gien"
                  | {Will+}
 43367 | Spider:1 | Killed MordorOrchid's ghost
 43410 | Spider:1 | Identified the ring of Hoekh {rC+ Will+ Int+5}
 43657 | Vaults:1 | Entered Level 1 of the Vaults
 43765 | Vaults:1 | Reached skill level 19 in Stealth
 44024 | Vaults:1 | Received a gift from Trog
 44652 | Vaults:1 | Found a runed translucent door.
 44652 | Vaults:1 | Noticed generaletaddeo's ghost (adept DEAE)
 45106 | Vaults:1 | Killed generaletaddeo's ghost
 45290 | Vaults:2 | Reached skill level 20 in Stealth
 45540 | Vaults:2 | Found a staircase to the Crypt.
 45733 | Vaults:2 | Received a gift from Trog
 46202 | Vaults:2 | Reached XP level 22. HP: 148/159 MP: 22/22
 47031 | Vaults:2 | Reached skill level 21 in Stealth
 47310 | Vaults:3 | Found Vurotwaaxt's Book Emporium.
 47323 | Vaults:3 | Found Exuovaq's Antique Armour Shoppe.
 47643 | Vaults:3 | Received a gift from Trog
 48062 | Vaults:3 | Found Lesigga's Distillery.
 48070 | Vaults:3 | Bought a potion of heal wounds for 100 gold pieces
 48070 | Vaults:3 | Bought a potion of heal wounds for 100 gold pieces
 48070 | Vaults:3 | Bought a potion of haste for 200 gold pieces
 48236 | Vaults:3 | Bought a potion of cancellation for 160 gold pieces
 48236 | Vaults:3 | Bought a potion of cancellation for 160 gold pieces
 48236 | Vaults:3 | Bought a potion of curing for 60 gold pieces
 48236 | Vaults:3 | Bought a potion of curing for 60 gold pieces
 48236 | Vaults:3 | Bought a potion of curing for 60 gold pieces
 48236 | Vaults:3 | Bought a potion of curing for 60 gold pieces
 48322 | Vaults:3 | Found Dibun's Magic Scroll Emporium.
 48378 | Vaults:3 | Bought a scroll of blinking for 112 gold pieces
 48378 | Vaults:3 | Bought a scroll of fear for 52 gold pieces
 48378 | Vaults:3 | Bought a scroll of teleportation for 45 gold pieces
 48378 | Vaults:3 | Bought a scroll of summoning for 142 gold pieces
 48378 | Vaults:3 | Bought a scroll of summoning for 142 gold pieces
 48845 | Vaults:3 | Received a gift from Trog
 48893 | Vaults:3 | Reached skill level 15 in Throwing
 48965 | Vaults:3 | Identified the +4 falchion of Douffo {vamp, Drain rC++
                  | Str+5}
 49010 | Vaults:3 | Acquired a manual of Evocations
 49480 | Vaults:4 | Found the +1 cloak of Starlight {*Dazzle EV+4 Stlth--}
 49683 | Vaults:4 | Reached skill level 22 in Stealth
 49856 | Vaults:4 | Received a gift from Trog
 50004 | Vaults:4 | Reached XP level 23. HP: 150/167 MP: 23/23
 50447 | Vaults:4 | Found a huge runed gate.
 50447 | Vaults:4 | Found a huge runed gate.
 50447 | Vaults:4 | Found a huge runed gate.
 50447 | Vaults:4 | Found a huge runed gate.
 50447 | Vaults:4 | Found a huge runed gate.
 50447 | Vaults:4 | Found a huge runed gate.
 50447 | Vaults:4 | Found a huge runed gate.
 50448 | Vaults:4 | Found a huge runed gate.
 50448 | Vaults:4 | Found a huge runed gate.
 50448 | Vaults:4 | Found a huge runed gate.
 50519 | Vaults:4 | Found a huge runed gate.
 50519 | Vaults:4 | Found a huge runed gate.
 50519 | Vaults:4 | Found a huge runed gate.
 50519 | Vaults:4 | Found a huge runed gate.
 50519 | Vaults:4 | Found a huge runed gate.
 50519 | Vaults:4 | Found a huge runed gate.
 50520 | Vaults:4 | Found a huge runed gate.
 50525 | Vaults:4 | Found a huge runed gate.
 50526 | Vaults:4 | Found a huge runed gate.
 50534 | Vaults:4 | Found a huge runed gate.
 50534 | Vaults:4 | Found a huge runed gate.
 50534 | Vaults:4 | Found a huge runed gate.
 50534 | Vaults:4 | Found a huge runed gate.
 50534 | Vaults:4 | Found a huge runed gate.
 50534 | Vaults:4 | Found a huge runed gate.
 50535 | Vaults:4 | Found a huge runed gate.
 50536 | Vaults:4 | Found a huge runed gate.
 50537 | Vaults:4 | Found a huge runed gate.
 50545 | Vaults:4 | Found a huge runed gate.
 50545 | Vaults:4 | Found a huge runed gate.
 50545 | Vaults:4 | Found a huge runed gate.
 50545 | Vaults:4 | Found a huge runed gate.
 50545 | Vaults:4 | Found a huge runed gate.
 50545 | Vaults:4 | Found a huge runed gate.
 50546 | Vaults:4 | Found a huge runed gate.
 50610 | Vaults:4 | Found a huge runed gate.
 51534 | Vaults:5 | Entered Level 5 of the Vaults
 51793 | Vaults:5 | Noticed a dread lich
 52421 | Vaults:4 | Received a gift from Trog
 52457 | Vaults:4 | Killed a dread lich
 52458 | Vaults:4 | Reached skill level 23 in Stealth
 53346 | Vaults:5 | Shot with a bolt by a yaktaur

Illustrated notes

Levels and vault maps discovered:
D:1:      ncdulo_watergridlock, layout_rooms,
          shapermc_ecumenical_altar_mp_urbaneastern, minmay_tripent
D:2:      layout_basic, basic_altar, serial_bayou, serial_bayou_crossing,
          serial_bayou_lagoon_a, serial_bayou_lagoon_b, serial_bayou_pond_e,
          chequers_serial_rivers_marsh
D:3:      minmay_roachtagon, layout_basic, chequers_temple_overflow_minitemple,
          kennysheep_jessica_study
D:4:      layout_gridville, biasface_ghost_orc_armoury, uniq_sigmund
D:5:      layout_rooms, serial_shops, shop, minmay_tree_intersection,
          grunt_decor_junction, uniq_grinder, uniq_eustachio,
          uniq_crazy_yiuf_cottage, uniq_menkaure
D:6:      layout_loops_ring, minmay_temple_entry_proselytizer
D:7:      layout_cave_pods, nicolae_overflow_hidden_temple, serial_shops, shop,
          chequers_garden, minmay_unpleasant_kobolds
D:8:      layout_loops_corners, ebering_ghost_rock_garden, serial_shops,
          shop_scrolls, shop, nicolae_diamond_shop, kennysheep_mini,
          uniq_harold, uniq_psyche
D:9:      layout_cave_pools, billiards_dpeg
D:10:     layout_cave_pools, dpeg_oklobed_lair
D:11:     layout_long_grid, enter_bailey_3, uniq_josephine, uniq_snorg
D:12:     layout_cave_pools, minmay_orc_entry_temple_small,
          hangedman_abyss_or_decor_jellyfish_corner, uniq_urug
D:13:     layout_loops_cross, david_vaults_2, ebering_ghost_xom,
          nicolae_hepliaklqana_monster_ancestors, uniq_azrael
D:14:     kennysheep_kobold_lugonu_temple, layout_basic,
          nicolae_ashenzari_skybound, minmay_misc_feat_chi
D:15:     gammafunk_enter_depths_forms, layout_rooms,
          portal_ice_cave_entry_pillars_1, demons_altar, uniq_agnes
Lair:1:   layout_gridlike, grunt_megastairs_5, lemuel_fruit_tree,
          infiniplex_staircase_pool_2, serial_bayou_shore_b
Lair:2:   cheibrodos_lair_overgrown_chateau, layout_big_grid
Lair:3:   layout_chaotic_city, swamp_mist, enter_volcano_3,
          grunt_forest_small_clearing_treed
Lair:4:   layout_cave_pods, spider_nest_entry_webs, gammafunk_ghost_split
Lair:5:   layout_cave_shapes, nicolae_slime_entry_slimehenge,
          gauntlet_entry_generic, serial_bayou_shore_b
Lair:6:   grunt_lair_end_beastmaster, layout_regular_city,
          ebering_ghost_inner_flame, hellmonk_guarded_unrand_zhor
Swamp:1:  layout_basic_swamp, evilmike_swamp_ruin_house_3, uniq_donald
Swamp:2:  nzn_winding_woodlands_three_and_one [nzn_winding_woodlands_5x15_cabin,
          nzn_winding_woodlands_5x15_eye,
          nzn_winding_woodlands_5x15_split_checker,
          nzn_winding_woodlands_center_pierced_h], layout_falls_marsh,
          evilmike_swamp_ruin_house_2, swamp_pool2, uniq_aizul
Swamp:3:  layout_basic_swamp, gammafunk_ghost_mausoleum,
          nicolae_swamp_round_clearing, uniq_mara
Swamp:4:  swamp_pestilence, layout_basic_swamp
Spider:1: layout_spider_delve, gammafunk_ghost_necromancy
Spider:2: layout_spider_delve, guppyfry_spider_mini_3, uniq_roxanne
Spider:3: layout_spider_delve, nicolae_spider_twisty_arc_passages
Spider:4: grunt_spider_rune_circles, nicolae_spider_some_kinda_spiderbox
Orc:1:    layout_caves, basic_altar, mines2_lemuel, uniq_fannar
Orc:2:    st_orc_pillars, layout_diamond_mine, guppyfry_library_mini
Elf:1:    minmay_elf_arrival_plus, layout_geoelf_octagon, serial_shops,
          nicolae_shop_behind_doors, hangedman_elf_represent
Elf:2:    layout_geoelf_octagon, ploomutoo_gammafunk_ghost_potion_laboratory,
          uniq_louise
Elf:3:    minmay_elf_hall_hex, layout_onion_city,
          amcnicky_mini_rare_corridor_liquid
Vaults:1: ebering_vaults_ghost_inner_flame, nicolae_vaults_little_squares_6,
          hangedman_vaults_stretched_pinwheel, nicolae_vaults_theta,
          hangedman_vaults_river_flow, vaults_dpeg_hooks,
          hangedman_vaults_variations, hangedman_vaults_nails,
          grunt_vaults_hallway_short, vaults_room_hangedman_quadrants,
          layout_vaults_quadrants
Vaults:2: blue_anna_dwarven_crypt, vaults_mumra_chevron_long,
          hangedman_vaults_stream, v_misc_27, vaults_room_pools, v_pattern_2,
          vaults_standard_mumra_lines, v_alt_pattern_6, dpeg_vaults_monster_box,
          nicolae_vaults_fighting_squares, hangedman_vaults_stretched_pinwheel,
          vaults_dpeg_ring, layout_vaults_ring
Vaults:3: st_diamondy, grunt_vaults_funnel, vaults_room_corners, v_misc_14,
          vaults_room_fours, nicolae_vaults_triangles,
          nicolae_vaults_shelves_hall, v_alt_pattern_4,
          nicolae_vaults_specimen_jars, nicolae_vaults_network_square,
          v_misc_31, layout_vaults_omnicross, serial_shops, shop, shop,
          shop_fountains, shop
Vaults:4: v_misc_9, hangedman_vaults_unwind, vaults_not_door_vault_due,
          nicolae_vaults_hallways_thing, dpeg_vaults_monster_row,
          vaults_standard_mumra_enter_the_diamond, v_misc_18,
          vaults_room_door_hall, ontoclasm_vaults_ring_large, v_misc_14,
          layout_vaults_maze_bifur
Vaults:5

Skill      XL: |  1  2  3  4  5  6  7  8  9 10 11 12 13 14 15 16 17 18 19 20 21 22 23 |
---------------+----------------------------------------------------------------------+-----
Stealth        | 1 2 4 5 7 9 10 15 17 20 22 23 | 23.3
Short Blades   | 4 5 6 7 9 10 | 10.0
Shields        | 4 8 13 15 | 15.6
Throwing       | 2 5 6 11 14 15 16 | 16.4
Dodging        | 5 8 11 12 14 15 17 18 19 20 | 20.0
Fighting       | 4 6 8 9 10 13 14 15 16 17 | 17.7
Evocations     | 5 6 10 | 10.1

Action                   |  1- 3 |  4- 6 |  7- 9 | 10-12 | 13-15 | 16-18 | 19-21 | 22-24 || total
-------------------------+-------+-------+-------+-------+-------+-------+-------+-------++-------
Melee: Short sword       |    80 |    42 |       |   293 |    47 |       |       |       ||   462
       Constrict         |    21 |     9 |    66 |    90 |   159 |   142 |   174 |   104 ||   765
       Tentacles         |    19 |    20 |    70 |   171 |   478 |   323 |   429 |   344 ||  1854
       Dagger            |       |    26 |   272 |   283 |   171 |       |       |       ||   752
       Unarmed           |       |       |       |     6 |       |       |       |       ||     6
       Quick blade       |       |       |       |       |  1037 |   884 |  1051 |   780 ||  3752
       Kick              |       |       |       |       |    77 |   558 |   668 |   536 ||  1839
Throw: Dart              |       |       |     6 |    77 |     8 |     3 |     2 |       ||    96
       Boomerang         |       |       |       |       |       |    22 |       |       ||    22
       Javelin           |       |       |       |       |       |       |     4 |       ||     4
Invok: Berserk           |     1 |     4 |     9 |    15 |     8 |     3 |       |     4 ||    44
       Trog's Hand       |       |       |     1 |     5 |     2 |     2 |     1 |     5 ||    16
       Brothers in Arms  |       |       |       |     1 |     1 |       |       |       ||     2
Evoke: Condenser vane    |       |       |       |     1 |       |     1 |     1 |       ||     3
       Wand              |       |       |       |       |     1 |     1 |       |       ||     2
       Phial of floods   |       |       |       |       |     1 |       |       |     1 ||     2
  Use: Potion            |       |     1 |     2 |     1 |     5 |     1 |     4 |     1 ||    15
       Scroll            |       |       |     9 |     6 |    12 |     9 |     4 |     4 ||    44
 Stab: Sleeping          |     7 |     4 |    21 |    28 |    43 |    75 |    71 |    46 ||   295
       Distracted        |       |       |     1 |     5 |     5 |     4 |    12 |     1 ||    28
       Confused          |       |       |       |     1 |       |       |       |       ||     1
       Petrifying        |       |       |       |       |     4 |       |       |       ||     4
       Petrified         |       |       |       |       |     2 |       |       |       ||     2
       Held in net/web   |       |       |       |       |       |     2 |     8 |       ||    10
Armor: Skin              |       |     1 |    10 |    38 |    37 |    18 |    12 |     5 ||   121
Dodge: Dodged            |    48 |    31 |   101 |   337 |   447 |   265 |   350 |   303 ||  1882
Block: Buckler           |       |       |     2 |   142 |   193 |    41 |       |       ||   378
       Kite shield       |       |       |       |       |       |   241 |   427 |   349 ||  1017

Table legend: (Time is in decaauts)
 A = Elapsed time spent in this place.
 B = Non-inter-level travel time spent in this place.
 C = Inter-level travel time spent in this place.
 D = Time resting spent in this place.
 E = Time spent auto-exploring this place.
 F = Levels seen in this place.
 G = Mean time per level.
                   A        B        C        D        E       F      G
               +--------+--------+--------+--------+--------+-----+--------+
         Total |  50641 |  47594 |   3047 |  10876 |  28010 |  43 | 1177.7 |
       Dungeon |  18590 |  17207 |   1383 |   4129 |  10762 |  15 | 1239.3 |
          Lair |   6045 |   5413 |    632 |    448 |   4030 |   6 | 1007.5 |
         Swamp |   3223 |   3033 |    190 |    566 |   1485 |   4 |  805.8 |
   Spider Nest |   3278 |   3043 |    235 |    411 |   1896 |   4 |  819.5 |
  Orcish Mines |   3166 |   2939 |    227 |    872 |   1244 |   2 | 1583.0 |
   Elven Halls |   4899 |   4751 |    148 |   1452 |   2402 |   3 | 1633.0 |
        Vaults |   8962 |   8731 |    231 |   2748 |   4954 |   5 | 1792.4 |
        Bailey |   1063 |   1063 |      0 |     82 |    603 |   1 | 1063.0 |
      Ice Cave |    533 |    533 |      0 |     67 |    281 |   1 |  533.0 |
       Volcano |    436 |    436 |      0 |     45 |    182 |   1 |  436.0 |
      Gauntlet |    442 |    442 |      0 |     53 |    171 |   1 |  442.0 |
               +--------+--------+--------+--------+--------+-----+--------+

Top non-repeatable levels by time:
Vaults:4: 2963 daAuts
Vaults:3: 2637 daAuts
   Orc:2: 2203 daAuts
   Elf:3: 2145 daAuts
   Elf:2: 1871 daAuts
Vaults:2: 1841 daAuts
     D:4: 1804 daAuts
     D:8: 1781 daAuts
     D:5: 1776 daAuts
    D:11: 1627 daAuts
    D:12: 1560 daAuts
Vaults:1: 1477 daAuts
     D:2: 1346 daAuts
  Lair:3: 1315 daAuts
    D:10: 1311 daAuts
